 Dungeon Crawl Stone Soup version 0.17.1-3-g152610e (webtiles) character file.

197 Jerry the Sneak (level 5, 0/37 HPs)
             Began as an Octopode Hunter on Mar 13, 2016.
             Killed from afar by Boomshaker's ghost (5 damage)
             ... with a magic dart
             ... in an ossuary.
             The game lasted 00:09:29 (2975 turns).

Jerry the Sneak (Octopode Hunter)                   Turns: 2975, Time: 00:09:29

Health: 0/37       AC:  1    Str: 11      XL:     5   Next: 75%
Magic:  5/5        EV: 13    Int: 12 (14) God:
Gold:   121        SH:  0    Dex: 13      Spells: 0 memorised, 4 levels left

rFire  x . .     SeeInvis +     a - +1 hunting sling
rCold  + . .     Clarity  .     (no shield)
rNeg   . . .     SustAt   .     (helmet restricted)
rPois  .         Gourm    .     (no amulet)
rElec  .         Spirit   .     j - ring of see invisible
rCorr  .         Warding  .     t - ring of ice
rMut   .         Stasis   .     (no ring)
MR     .....                    (no ring)
Stlth  ++++......               (no ring)
                                (no ring)
                                (no ring)
                                (no ring)

@: very slightly contaminated, hasted, very quick, not resistant to hostile
enchantments, stealthy
A: almost no armour, amphibious, 8 rings, constrict 8, camouflage 1, gelatinous
body 1
a: no special abilities


You were in an ossuary.
You were very hungry.

You visited 1 branch of the dungeon, and saw 4 of its levels.
You also visited: Ossuary.

You collected 121 gold pieces.

Inventory:

Hand Weapons
 a - a +1 hunting sling (weapon)
 b - a +0 short sword
Missiles
 f - 35 stones (quivered)
 p - 11 exploding sling bullets
 s - 11 sling bullets of flame
 w - 14 poisoned sling bullets
Armour
 A - a +0 buckler
Jewellery
 j - a ring of see invisible (left tentacle)
 t - a ring of ice (right tentacle)
Wands
 n - a wand of slowing (40)
Scrolls
 e - 2 scrolls of remove curse
 g - 3 scrolls of recharging
 i - a scroll of immolation
 o - a scroll of teleportation {unknown}
 q - a scroll of noise {unknown}
 u - a scroll of fear {unknown}
 y - a scroll of magic mapping {unknown}
Potions
 h - 3 potions of curing
 k - a potion of resistance
 m - a potion of magic
 v - a potion of heal wounds
Comestibles
 d - 3 bread rations
 r - 4 fruits


   Skills:
 + Level 3.7 Fighting
 - Level 4.0 Slings
 + Level 3.4 Dodging
 - Level 4.7 Stealth
 + Level 0.0 Shields
 + Level 0.0 Unarmed Combat


You had 4 spell levels left.
You didn't know any spells.

Dungeon Overview and Level Annotations

Branches:
Dungeon (4/15)
 Temple: D:4-7

Altars:
Fedhas
Kikubaaqudgha
Vehumet
Xom

Annotations:
Ossuary Boomshaker's ghost, novice DrCj


Innate Abilities, Weirdness & Mutations

You cannot wear most types of armour.
You are amphibious.
You can wear up to eight rings at the same time.
You can use your tentacles to constrict eight enemies at once.
Your skin changes colour to match your surroundings (Stealth).
Your rubbery body absorbs attacks (AC +1).


Message History

Firing (i - inventory. (,) - cycle):
f - 38 stones (quivered)
Press: ? - help, Shift-Dir - straight line, f/p - Boomshaker's ghost
Aim: Boomshaker's ghost, wielding a weapon of protection (moderately damaged)
You shoot a stone. The stone hits Boomshaker's ghost.
Boomshaker's ghost is moderately damaged.
Firing (i - inventory. (,) - cycle):
f - 37 stones (quivered)
Press: ? - help, Shift-Dir - straight line, f/p - Boomshaker's ghost
Aim: Boomshaker's ghost, wielding a weapon of protection (moderately damaged)
You shoot a stone.
The stone hits Boomshaker's ghost but does no damage.
Boomshaker's ghost is moderately damaged.
Firing (i - inventory. (,) - cycle):
f - 36 stones (quivered)
Press: ? - help, Shift-Dir - straight line, f/p - Boomshaker's ghost
Aim: Boomshaker's ghost, wielding a weapon of protection (moderately damaged)
You shoot a stone.
The stone closely misses Boomshaker's ghost.
The stone hits the mummy but does no damage.
Boomshaker's ghost gestures at you while chanting.
The magic dart hits you!
You die...

#.. ##.......##
+...#(........#
#(..'.(..⌠....+
+.((#..(......#
# ##..(M...##
##..M..##
###(### #W#
##@## #.∩.#
#^∩.# #####


You could see 2 mummies and Boomshaker's ghost.

Vanquished Creatures
  A centaur skeleton (D:3)
  A worker ant (D:4)
  7 adders
  A gnoll (D:1)
  2 oozes
  2 worms (D:2)
  2 giant geckos
  An orc (D:4)
  4 goblins
  11 hobgoblins
  5 jackals (D:3)
  A quokka (D:3)
  A ball python (D:3)
  3 bats
  6 giant cockroaches
  5 giant newts
  4 kobolds
  5 rats
62 creatures vanquished.

Notes
Turn   | Place    | Note
--------------------------------------------------------------
     0 | D:1      | Jerry the Octopode Hunter began the quest for the Orb.
     0 | D:1      | Reached XP level 1. HP: 14/14 MP: 1/1
   233 | D:1      | Reached XP level 2. HP: 18/20 MP: 2/2
   551 | D:1      | Reached XP level 3. HP: 25/25 MP: 3/3
   948 | D:2      | Reached XP level 4. HP: 26/31 MP: 4/4
  1003 | D:2      | Found a shimmering altar of Xom.
  1756 | D:3      | Reached XP level 5. HP: 36/36 MP: 5/5
  2065 | D:3      | Found a blossoming altar of Fedhas.
  2065 | D:3      | Found a radiant altar of Vehumet.
  2897 | D:4      | Found an ancient bone altar of Kikubaaqudgha.
  2911 | D:4      | Noticed an ogre
  2916 | D:4      | Found a sand-covered staircase.
  2923 | Ossuary  | Entered an ossuary
  2926 | Ossuary  | Noticed Boomshaker's ghost (novice DrCj)
  2975 | Ossuary  | Killed from afar by Boomshaker's ghost

Action                   |  1- 3 |  4- 6 || total
-------------------------+-------+-------++-------
 Fire: Hunting sling     |    66 |   141 ||   207
Evoke: Wand              |       |     1 ||     1
  Use: Scroll            |       |     7 ||     7
       Potion            |       |     2 ||     2
  Eat: Chunk             |       |     4 ||     4
       Fruit             |       |     1 ||     1
